 Dungeon Crawl Stone Soup version 0.29-a0-307-gecccbbdb84 (webtiles) character file.

Game seed: 6874575159717269633

16 Murumi the Shield-Bearer (level 2, -1/25 HPs)
             Began as a Formicid Fighter on Mar 27, 2022.
             Succumbed to a goblin's poison
             ... on level 1 of the Dungeon.
             The game lasted 00:01:51 (862 turns).

Murumi the Shield-Bearer (Formicid Fighter)          Turns: 862, Time: 00:01:52

Health: -1/25      AC:  6    Str: 20    XL:     2   Next: 70%
Magic:  2/2        EV:  9    Int:  7    God:
Gold:   37         SH:  5    Dex: 10    Spells: 1/1 levels left

rFire   . . .      SeeInvis +   a - +1 flail
rCold   . . .      Faith    .   c - +1 buckler
rNeg    . . .      Spirit   .   b - +0 scale mail
rPois   .          Reflect  .   (helmet unavailable)
rElec   .          Harm     .   (no cloak)
rCorr   .          Rampage  .   (no gloves)
Will    .....                   (no boots)
Stlth   ..........              (no amulet)
HPRegen 0.08/turn               (no ring)
MPRegen 0.08/turn               (no ring)

@: lethally poisoned (-1 -> -16)
A: permanent stasis, dig shafts and tunnels, antennae 3, four strong arms
a: Dig, Shaft Self


You were on level 1 of the Dungeon.
You visited 1 branch of the dungeon, and saw 1 of its levels.

You collected 37 gold pieces.

Inventory:

Hand Weapons
 a - a +1 flail (weapon)
Armour
 b - a +0 scale mail (worn)
 c - a +1 buckler (worn)
Scrolls
 g - a scroll of magic mapping
Potions
 d - a potion of might
 e - 2 potions of cancellation {unknown}
 f - a potion of ambrosia {unknown}
 h - a potion of attraction {unknown}


   Skills:
 - Level 4.0 Fighting
 - Level 2.0 Maces & Flails
 + Level 3.3 Armour
 - Level 4.0 Shields


You had one spell level left.
You didn't know any spells.
Your spell library contained the following spells:

 Spells                   Type           Power      Damage    Failure   Level
 Gell's Gravitas          Tloc           0%         N/A       99%         3
 Lesser Beckoning         Tloc           0%         N/A       99%         3
 Teleport Other           Tloc           0%         N/A       99%         3


Dungeon Overview and Level Annotations

Branches:
Dungeon (1/15)

Altars:


Innate Abilities, Weirdness & Mutations

You cannot be hasted, slowed, berserked, paralysed or teleported.
You can dig through walls and to a lower floor.
You have a pair of large antennae on your head. (SInv)
Your four strong arms can wield two-handed weapons with a shield.


Message History

h - a fuming dark potion You now have 37 gold pieces (gained 5).
You open the door.
There is an open door here.
There is an open door here.
You sense a monster nearby.
You sense a monster nearby.
A goblin comes into view. It is wielding a +1 dagger of venom.
The goblin shouts!
A rat comes into view.
You barely miss the goblin. You block the goblin's attack.
You closely miss the goblin. The goblin hits you but does no damage.
You are poisoned.
The rat twitches its whiskers.
The goblin closely misses you.
You hit the goblin.
The goblin is moderately wounded.
You feel very sick. The goblin hits you but does no damage.
You are more poisoned.
You closely miss the goblin.
The goblin is moderately wounded.
You feel very sick.
The goblin hits you with a +1 dagger of venom.
You are lethally poisoned!
You closely miss the goblin.
The goblin is moderately wounded.
You feel very sick. The goblin closely misses you.
The goblin hits you with a +1 dagger of venom.
You are more poisoned.
You are too injured to fight recklessly!
You closely miss the goblin.
The goblin is moderately wounded.
* * * LOW HITPOINT WARNING * * *
You feel very sick. You block the goblin's attack.
You hit the goblin.
You kill the goblin!
You die...

########### ## #.........# .#
#.#######.### .# ##.#.#........
.# #......###.### .### **####*
#......# #.# ...# *,,...*
#.....####.### .#.#
*,###.#####..........#.. ##.#
*,#..r)@....##.#######.# #.#
*,#.#.#####.##.# #.# #.# *,,...*
#...'# #.# #.# *.....* ##...####
#.# ##.#######.[...* #8...8#.##
#.. #..............* ##...##..##
###
##.##..###.....****#...##...####.
#..............,,,##...##...'....
#..##..###.#.,,***#8...8#...####.


You could see a rat.

Vanquished Creatures
  An endoplasm (D:1)
  2 goblins (D:1)
  3 hobgoblins (D:1)
  2 quokkas (D:1)
  4 bats (D:1)
  2 frilled lizards (D:1)
  A kobold (D:1)
15 creatures vanquished.

Notes
Turn   | Place    | Note
-------+----------+-------------------------------------------
     0 | D:1      | Murumi the Formicid Fighter began the quest for the Orb.
     0 | D:1      | Reached XP level 1. HP: 18/18 MP: 1/1
   299 | D:1      | Reached XP level 2. HP: 23/24 MP: 2/2
   862 | D:1      | Succumbed to a goblin's poison

Illustrated notes

Levels and vault maps discovered:
D:1:      minmay_arrival_stair_chambers, layout_loops_corners, serial_glass,
          glass_columns_c, glass_columns_c, serial_bayou_lagoon_a,
          corexii_hall_statues_x

Skill      XL: |  1  2 |
---------------+-------+-----
Shields        | 4 |  4.0
Fighting       | 4 |  4.0
Maces & Flails | |  2.0
Armour         | |  3.3

Action                   || total
-------------------------++-------
Melee: Flail             ||    63
  Use: Scroll            ||     4
Armor: Scale mail        ||    32
Dodge: Dodged            ||    26
Block: Buckler           ||    16

Table legend: (Time is in decaauts)
 A = Elapsed time spent in this place.
 B = Non-inter-level travel time spent in this place.
 C = Inter-level travel time spent in this place.
 D = Time resting spent in this place.
 E = Time spent auto-exploring this place.
 F = Levels seen in this place.
 G = Mean time per level.
                   A        B        C        D        E       F      G
               +--------+--------+--------+--------+--------+-----+--------+
         Total |    883 |    883 |      0 |      0 |    713 |   1 |  883.0 |
       Dungeon |    883 |    883 |      0 |      0 |    713 |   1 |  883.0 |
               +--------+--------+--------+--------+--------+-----+--------+

Top non-repeatable levels by time:
     D:1: 883 daAuts
